 Dungeon Sprint DCSS version 0.24-a0-574-g7d3d5a4 (webtiles) character file.

Game seed: 18145077496346564555

13954 Faca the Warrior (level 12, -2/93 HPs)
             Began as a Gargoyle Fighter on Aug 20, 2019.
             Was the Champion of the Shining One.
             Slain by a stone giant (13 damage)
             ... in the Dungeon (Sprint IX: "|||||||||||||||||||||||||||||").
             The game lasted 00:09:56 (2508 turns).

Faca the Warrior (Gargoyle Fighter)                 Turns: 2508, Time: 00:09:56

Health: -2/93      AC: 41    Str: 29    XL:     12   Next: 11%
Magic:  12/12      EV:  7    Int:  8    God:    the Shining One [******]
Gold:   1643       SH:  0    Dex:  9    Spells: 11/11 levels left

rFire    . . .     SeeInvis .   z - +3 eveningstar (protect)
rCold    . . .     Gourm    .   c - +0 shield
rNeg     + + +     Faith    .   y - +0 plate armour
rPois    ∞         Spirit   .   E - +1 helmet
rElec    +         Reflect  .   F - +1 cloak
rCorr    .         Harm     .   p - +0 pair of gloves
MR       .....     NoTele   +   q - +0 pair of boots
Stlth    ..........             (no amulet)
HPRegen  0.25/turn              s - +3 ring of strength
MPRegen  0.13/turn              t - +2 ring of protection

@: confused, protection aura, glowing
A: negative energy resistance 1, electricity resistance, unbreathing,
petrification resistance, rot immunity, AC +8
a: Divine Shield, Cleansing Flame, Summon Divine Warrior, Brand Weapon With Holy
Wrath, Renounce Religion


You were in the Dungeon.
You worshipped the Shining One.
The Shining One was exalted by your worship.
You were hungry.

You visited 1 branch You collected 1911 gold pieces.
You spent 268 gold pieces at shops.

Inventory:

Hand Weapons
 r - a +0 whip of electrocution
 z - a +3 eveningstar of protection (weapon)
Missiles
 o - 4 javelins (quivered)
Armour
 c - a +0 shield (worn)
 p - a +0 pair of gloves (worn)
 q - a +0 pair of boots (worn)
 y - a +0 plate armour (worn)
 D - a +1 large shield
 E - a +1 helmet (worn)
 F - a +1 cloak (worn)
Jewellery
 s - a +3 ring of strength (left hand)
 t - a +2 ring of protection (right hand)
 B - an uncursed ring of ice
 C - an uncursed ring of protection from fire
Wands
 n - a wand of iceblast (10)
Scrolls
 k - 7 scrolls of blinking
 l - 3 scrolls of remove curse
 m - 2 scrolls of amnesia
 u - 2 scrolls of enchant armour
 v - 3 scrolls of fog
 x - 4 scrolls of identify
 A - a scroll of holy word
Potions
 a - 2 potions of mutation
 b - a potion of brilliance
 d - 3 potions of might
 g - 6 potions of curing
 h - a potion of haste
 i - 5 potions of magic
 j - 2 potions of berserk rage
 G - 2 potions of heal wounds
Comestibles
 f - 12 rations


   Skills:
 + Level 18.7 Fighting
 + Level 17.2 Maces & Flails
 + Level 12.7 Armour
 + Level 12.7 Shields


You had 11 spell levels left.
You didn't know any spells.
Your spell library was empty.

Dungeon Overview and Level Annotations

Branches:
Dungeon (1/1)

Altars:
Cheibriados
Dithmenos
Elyvilon
Fedhas
Gozag
Hepliaklqana
Kikubaaqudgha
Makhleb
Nemelex Xobeh
Okawaru
Qazlal
Ru
Sif Muna
Trog
Uskayaw
Vehumet
Wu Jian
Xom
Yredelemnul
Zin
The Shining One
Beogh
Jiyva
Lugonu

Shops:
D (((?


Innate Abilities, Weirdness & Mutations

You are resistant to torment.
Your stone body is resilient. (AC +8)
You are immune to poison.
You resist negative energy. (rN+)
You are resistant to electric shocks. (rElec)
You can survive without breathing.
You are immune to petrification.
You are immune to rotting.


Message History

You destroy the bat skeleton!
The Shining One accepts your kill.
A glowing orange brain comes into view.
You block the stone giant's attack.
There is an open door to the Dungeon, spattered with blood here.
Items here: ))) [[[[ ††† You hit the stone giant but do no damage.
The glowing orange brain pulsates.
You are confused.
All of the chunks of flesh in your inventory have rotted away.
You bump into the unnaturally hard rock wall.
The stone giant hits you!!
* * * LOW HITPOINT WARNING * * *
The glowing orange brain pulsates.
You are more confused.
You bump into the unnaturally hard rock wall.
The vampire mage gestures wildly while chanting.
The vampire mage flickers and vanishes for a moment.
The stone giant hits you!
You die...

▓.▓.▓.▓.▓∩▓.▓,*,*,*,*,*,*,*,*,
▓)▓.▓.▓.▓.▓.▓G▓,*,*,*,*,*,*,*+
▓.▓.▓.▓.▓∩▓.▓.▓,*,*,*,*,*,*,*,
▓.▓.▓.▓.▓)▓.▓.▓,*,*,*,*,*,*,*,
▓.▓.▓.▓.▓∩▓.▓.▓,*,*,*,*,*,*,*,
▓)▓.▓.▓.▓)▓.▓V▓,*+*,*,*,*,*,*,
▓|▓.▓.▓.▓)▓.▓D▓,*,*,*,*,*,*,*,
▓.▓.▓.▓.▓)▓.▓C▓,*,*,*,*,*,*,*,
▓!▓.▓.▓.▓)▓.▓@▓,*,*,*,*,*,*,*,
▓'▓.▓†▓.▓)▓.▓.▓,*,*,*,*,*,*,*,
▓_▓.▓÷▓.▓'▓)▓.▓,*,*,*,*,*,*,*,
▓_▓.▓.▓.▓.▓.▓[▓,*,*,*,*,*,*,*,
▓_▓.▓.▓.▓.▓.▓.▓,*,*,*,*,*,*,*,
▓_▓.▓.▓.▓.▓.▓.▓,*,*,*,*,*,*,*,
▓_▓.▓.▓.▓.▓.▓.▓,*,*,*+*,*,*,*,
▓_▓.▓.▓.▓)▓.▓.▓,*+*,*,*,*,*,*+
▓_▓.▓.▓.▓)▓.▓.▓,*,*,*,*,*,*,*,


You could see a stone giant, a glowing orange brain, a vampire mage (invisible)
and an acid dragon.

Vanquished Creatures
  A tengu warrior (D)
  An orc high priest (D)
  Urug (D)
  Sonja (D)
  2 orc knights (D)
  4 orc sorcerers (D)
  An ugly thing (D)
  A deep elf mage (D)
  9 elephants (D)
  A komodo dragon (shapeshifter) (D)
  A kobold demonologist (D)
  A komodo dragon (D)
  A meliai (D)
  A troll (D)
  3 hippogriffs (D)
  2 blink frogs (D)
  A wraith (D)
  A yak (D)
  A basilisk (D)
  A hungry ghost (D)
  Grum (D)
  3 porcupines (D)
  A water moccasin (D)
  11 orc warriors (D)
  A sky beast (D)
  A phantom (D)
  A black bear (D)
  2 wolves (D)
  3 crocodiles (D)
  4 bullfrogs (D)
  A hound (D)
  3 orc priests (D)
  3 worker ants (D)
  3 orc wizards (D)
  2 adders (D)
  An adder skeleton (D)
  14 orcs (D)
  A ball python (D)
  A bat (D)
  2 bat skeletons (D)
  A goblin (D)
  A jackal (D)
  A kobold (D)
  A frilled lizard (D)
98 creatures vanquished.

Notes
Turn   | Place    | Note
-------+----------+-------------------------------------------
     0 | D        | Faca the Gargoyle Fighter began the quest for the Orb.
     0 | D        | Reached XP level 1. HP: 14/14 MP: 1/1
    18 | D        | Reached skill level 4 in Fighting
   126 | D        | Noticed a phantom
   126 | D        | Noticed a worker ant
   126 | D        | Noticed a worker ant
   145 | D        | Killed a worker ant
   145 | D        | Reached skill level 5 in Fighting
   145 | D        | Reached XP level 2. HP: 21/22 MP: 2/2
   145 | D        | Reached XP level 3. HP: 26/27 MP: 3/3
   153 | D        | Reached skill level 6 in Fighting
   153 | D        | Reached skill level 5 in Maces & Flails
   153 | D        | Reached XP level 4. HP: 30/32 MP: 4/4
   191 | D        | Killed a phantom
   191 | D        | Reached skill level 8 in Fighting
   191 | D        | Reached XP level 5. HP: 12/40 MP: 5/5
   203 | D        | Found a roughly hewn altar of Beogh.
   203 | D        | Found a snail-covered altar of Cheibriados.
   203 | D        | Found a shadowy altar of Dithmenos.
   203 | D        | Found a white marble altar of Elyvilon.
   203 | D        | Found a blossoming altar of Fedhas.
   203 | D        | Found an opulent altar of Gozag.
   204 | D        | Found a hazy altar of Hepliaklqana.
   205 | D        | Found a viscous altar of Jiyva.
   206 | D        | Found an ancient bone altar of Kikubaaqudgha.
   207 | D        | Found a corrupted altar of Lugonu.
   208 | D        | Found a burning altar of Makhleb.
   209 | D        | Found a sparkling altar of Nemelex Xobeh.
   210 | D        | Found an iron altar of Okawaru.
   211 | D        | Found a stormy altar of Qazlal.
   212 | D        | Found a sacrificial altar of Ru.
   213 | D        | Found a shimmering blue altar of Sif Muna.
   214 | D        | Found a bloodstained altar of Trog.
   215 | D        | Found a hide-covered altar of Uskayaw.
   216 | D        | Found a radiant altar of Vehumet.
   217 | D        | Found an ornate altar of the Wu Jian Council.
   218 | D        | Found a shimmering altar of Xom.
   219 | D        | Found a basalt altar of Yredelemnul.
   220 | D        | Found a glowing silver altar of Zin.
   221 | D        | Found a glowing golden altar of the Shining One.
   229 | D        | Became a worshipper of the Shining One
   405 | D        | Reached * piety under the Shining One
   405 | D        | Noticed a sky beast
   405 | D        | Noticed a yak
   406 | D        | Reached skill level 9 in Fighting
   409 | D        | Killed a yak
   409 | D        | Reached skill level 10 in Fighting
   409 | D        | Reached XP level 6. HP: 48/48 MP: 6/6
   416 | D        | Killed a sky beast
   416 | D        | Reached skill level 11 in Fighting
   416 | D        | Reached skill level 10 in Maces & Flails
   422 | D        | Reached XP level 7. HP: 54/54 MP: 7/7
   444 | D        | Noticed a troll
   444 | D        | Reached ** piety under the Shining One
   444 | D        | Noticed a kobold demonologist
   444 | D        | Noticed a hungry ghost
   444 | D        | Reached *** piety under the Shining One
   444 | D        | Noticed a hippogriff
   444 | D        | Noticed a komodo dragon
   451 | D        | Killed a komodo dragon
   451 | D        | Reached skill level 12 in Fighting
   457 | D        | Killed a hippogriff
   457 | D        | Reached skill level 13 in Fighting
   457 | D        | Reached XP level 8. HP: 28/63 MP: 8/8
   464 | D        | Noticed a ynoxinul
   470 | D        | Killed a kobold demonologist
   470 | D        | Reached skill level 14 in Fighting
   474 | D        | Killed a troll
   722 | D        | Noticed a komodo dragon
   722 | D        | Reached **** piety under the Shining One
   722 | D        | Noticed a hippogriff
   732 | D        | Reached XP level 9. HP: 54/70 MP: 9/9
   737 | D        | Reached skill level 15 in Fighting
   757 | D        | Killed a komodo dragon
   765 | D        | Reached skill level 5 in Armour
   765 | D        | Reached skill level 5 in Shields
  1058 | D        | Reached ***** piety under the Shining One
  1069 | D        | Noticed an elephant
  1081 | D        | Reached skill level 16 in Fighting
  1083 | D        | Reached XP level 10. HP: 65/78 MP: 10/10
  1094 | D        | Killed an elephant
  1194 | D        | Noticed an elephant
  1194 | D        | Noticed an elephant
  1194 | D        | Noticed an elephant
  1194 | D        | Noticed an elephant
  1194 | D        | Noticed an elephant
  1194 | D        | Noticed an elephant
  1196 | D        | Noticed an elephant
  1196 | D        | Reached ****** piety under the Shining One
  1199 | D        | Killed an elephant
  1199 | D        | Reached skill level 15 in Maces & Flails
  1208 | D        | Killed an elephant
  1211 | D        | Noticed an elephant
  1214 | D        | Killed an elephant
  1220 | D        | Killed an elephant
  1227 | D        | Killed an elephant
  1233 | D        | Killed an elephant
  1236 | D        | Killed an elephant
  1236 | D        | Reached skill level 17 in Fighting
  1243 | D        | Killed an elephant
  1243 | D        | Reached XP level 11. HP: 73/85 MP: 11/11
  1535 | D        | Noticed an orc sorcerer
  1535 | D        | Noticed an orc knight
  1539 | D        | Reached skill level 10 in Armour
  1539 | D        | Reached skill level 10 in Shields
  1544 | D        | Killed an orc knight
  1548 | D        | Killed an orc sorcerer
  1796 | D        | Found Waomecza's Magic Scroll Boutique.
  1796 | D        | Noticed an orc knight
  1796 | D        | Noticed an orc sorcerer
  1798 | D        | Noticed an orc high priest
  1801 | D        | Killed an orc sorcerer
  1802 | D        | Found Gypsuept's Antique Weapon Shop.
  1812 | D        | Killed an orc knight
  1817 | D        | Found Goloh's Weapon Boutique.
  1821 | D        | Killed an orc high priest
  1821 | D        | Reached skill level 18 in Fighting
  1826 | D        | Found Rats's Antique Weapon Shop.
  1831 | D        | Noticed an orc sorcerer
  1846 | D        | Noticed an orc sorcerer
  1847 | D        | Killed an orc sorcerer
  1852 | D        | Paralysed by an orc sorcerer for 6 turns
  1859 | D        | Killed an orc sorcerer
  2080 | D        | Bought a +0 whip of electrocution for 82 gold pieces
  2086 | D        | Bought a scroll of identify for 22 gold pieces
  2086 | D        | Bought a scroll of magic mapping for 38 gold pieces
  2086 | D        | Bought a scroll of holy word for 82 gold pieces
  2086 | D        | Bought a scroll of identify for 22 gold pieces
  2086 | D        | Bought a scroll of identify for 22 gold pieces
  2130 | D        | Noticed Urug
  2146 | D        | Killed Urug
  2238 | D        | Noticed Sonja
  2245 | D        | Noticed Grum
  2249 | D        | Killed Sonja
  2257 | D        | Killed Grum
  2469 | D        | Noticed a deep elf mage
  2469 | D        | Noticed a tengu warrior
  2469 | D        | Noticed a red ugly thing
  2481 | D        | Killed a red ugly thing
  2490 | D        | Killed a tengu warrior
  2490 | D        | Reached XP level 12. HP: 47/93 MP: 12/12
  2492 | D        | Noticed a stone giant
  2502 | D        | Noticed a vampire mage
  2508 | D        | Slain by a stone giant

Levels and vault maps discovered:
D:        linesprint [early_d, line_temple, items_1, d_10, items_2, lair_1,
          lair_end, items_3, orc_1, orc_end, items_4, d_15, swamp_1, shoals_1,
          snake_1, spider_1, d_20, vaults_1, items_5, swamp_end, shoals_end,
          snake_end, spider_end, vaults_end, d_27, items_6, zot_1, zot_end,
          crypt_end, forest_end, elf_end, slime_end, tomb_end, abyss_end,
          pan_hell_end]

Skill      XL: |  1  2  3  4  5  6  7  8  9 10 11 |
---------------+----------------------------------+-----
Fighting       | 5 6 8 10 11 13 14 16 17 18 | 18.7
Maces & Flails | 4 5 7 9 10 12 13 14 15 17 | 17.2
Armour         | 6 9 12 | 12.7
Shields        | 6 9 12 | 12.7

Action                   |  1- 3 |  4- 6 |  7- 9 | 10-12 || total
-------------------------+-------+-------+-------+-------++-------
Melee: Flail             |    49 |    24 |       |       ||    73
       Morningstar       |       |    17 |    94 |   188 ||   299
       Eveningstar       |       |       |       |    55 ||    55
  Use: Potion            |     2 |       |     2 |       ||     4
       Scroll            |       |       |       |     3 ||     3
  Eat: Chunk             |       |       |     2 |     5 ||     7
Armor: Scale mail        |    33 |    10 |       |       ||    43
       Chain mail        |       |    11 |    55 |    53 ||   119
       Plate armour      |       |       |       |    38 ||    38
Dodge: Dodged            |    13 |     5 |    10 |    27 ||    55
Block: Shield            |    16 |    10 |    36 |   108 ||   170

Table legend:
 A = Non-vault XP
 B = Vault XP
 C = Vault XP percentage of total XP
 D = Non-vault monster count
 E = Vault monster count
 F = Vault count percentage of total count
                 A         B        C        D         E       F
            +---------+---------+-------+---------+---------+-------
      Total |       0 |   19935 | 100.0 |       0 |      98 | 100.0
            +---------+---------+-------+---------+---------+-------
          D |       0 |   19935 | 100.0 |       0 |      98 | 100.0
            +---------+---------+-------+---------+---------+-------
